Map: Backwater LE

Players

llllllllllll - Winner!

  • Race: Protoss Protoss
  • League: Master
  • Spawn Location: 11:00

YungGravy

  • Race: Zerg Zerg
  • League: Master
  • Spawn Location: 5:00

VOD

Have the link to the VOD?

Description

Time

  • Played on: Jan. 30, 2018, 7:11 p.m.
  • Length: 7:16
Show
View Real Time Build Order
Export as new Build Order

llllllllllll Protoss - Winner!

Build Orders: 1 Gate Expand, Oracle Opening, Phoenix Opening, Zealot Archon 

Get SALT Encoding   

  12  0:01  Probe  
  13  0:13  Probe  
  14  0:18  Pylon  
  14  0:25  Probe (Chrono Boost)  
  15  0:37  Probe (Chrono Boost)  
  15  0:39  Gateway  
  16  0:45  Probe (Chrono Boost)  
  16  0:49  Assimilator  
  17  0:51  Probe  
  18  1:03  Probe  
  19  1:15  Probe  
  20  1:25  Nexus  
  20  1:28  Probe  
  21  1:39  Cybernetics Core  
  21  1:41  Probe  
  21  1:46  Assimilator  
  22  1:52  Pylon  
  22  1:55  Probe  
  23  2:10  Probe  
  23  2:14  Adept (Chrono Boost)  
  24  2:22  Stargate  
  26  2:23  Probe  
  27  2:30  Warp Gate  
  27  2:35  Adept, Probe (Chrono Boost)  
  30  2:39  Probe (Chrono Boost)  
  31  2:46  Probe (Chrono Boost)  
  31  2:48  Probe (Chrono Boost)  
  31  2:51  Probe (Chrono Boost)  
  33  2:53  Probe  
  33  2:56  Gateway  
  35  3:01  Probe  
  35  3:05  Adept  
  38  3:06  Probe  
  38  3:10  Oracle (Chrono Boost)  
  39  3:15  Probe  
  39  3:18  Probe  
  44  3:23  Pylon  
  44  3:27  Probe  
  44  3:30  Probe  
  44  3:32  Pylon  
  44  3:40  Probe  
  45  3:42  Probe  
  45  3:44  Phoenix  
  45  3:48  Robotics Facility  
  46  3:53  Forge  
  46  3:56  Assimilator  
  46  3:59  Assimilator  
  46  4:02  Probe  
  47  4:03  Probe  
  47  4:07  Twilight Council  
  48  4:20  Probe  
  48  4:21  Protoss Ground Weapons Level 1 (Chrono Boost)  
  49  4:26  Probe  
  50  4:34  Warp Prism (Chrono Boost)  
  50  4:37  Probe  
  53  4:42  Charge (Chrono Boost)  
  53  4:44  Nexus  
  53  4:50  Templar Archives  
  53  4:58  Probe  
  53  4:59  Gateway  
  54  5:00  Gateway  
  54  5:07  Probe  
  54  5:11  Pylon  
  55  5:15  Probe  
  55  5:20  Immortal  
  60  5:23  Pylon  
  60  5:30  Probe x2  
  60  5:34  Pylon  
  62  5:36  High Templar x2  
  62  5:40  Pylon  
  66  5:43  Archon, Probe  
  66  5:44  Probe  
  68  5:51  Gateway  
  68  5:52  Gateway  
  68  5:55  Gateway  
  68  5:58  High Templar x2  
  68  6:02  Archon  
  68  6:03  Probe  
  73  6:07  Probe x2  
  73  6:09  Assimilator x2  
  75  6:15  Probe  
  75  6:18  Gateway, Pylon  
  76  6:19  Probe  
  76  6:21  Immortal (Chrono Boost)  
  81  6:25  Probe  
  81  6:27  Probe  
  83  6:35  Zealot x3  
  83  6:38  Zealot  
  91  6:41  Probe  
  92  6:50  Probe x2  
  92  6:53  Probe  
  99  7:02  Zealot x6  
  99  7:05  Zealot  
Show
View Real Time Build Order
Export as new Build Order

YungGravy Zerg 

Build Orders: Hatch First 

Get SALT Encoding   

  12  0:01  Drone  
  13  0:08  Drone  
  14  0:16  Overlord  
  14  0:22  Extractor  
  14  0:24  Drone  
  15  0:35  Drone  
  15  0:36  Drone  
  17  0:52  Hatchery  
  17  0:55  Drone  
  17  0:58  Drone  
  18  1:04  Extractor  
  17  1:13  Spawning Pool  
  17  1:18  Drone  
  17  1:22  Drone  
  18  1:44  Drone  
  19  1:49  Hatchery  
  19  1:53  Drone  
  19  2:04  Queen  
  21  2:10  Metabolic Boost  
  21  2:18  Drone x2  
  21  2:20  Drone  
  24  2:32  Zergling x6  
  24  2:33  Overlord  
  27  2:41  Drone  
  28  2:46  Overlord  
  28  2:55  Drone x2  
  30  3:01  Queen  
  30  3:03  Drone x3  
  35  3:08  Queen  
  35  3:12  Drone x2  
  38  3:21  Queen  
  40  3:29  Drone  
  40  3:30  Zergling x4  
  42  3:42  Drone  
  42  3:43  Drone x5  
  47  3:51  Lair  
  47  3:59  Drone x2  
  47  4:02  Overlord  
  49  4:05  Extractor  
  49  4:06  Overlord  
  49  4:07  Drone  
  45  4:21  Drone  
  45  4:22  Drone x3  
  49  4:35  Drone x3  
  49  4:36  Drone  
  53  4:39  Spore Crawler x2  
  53  4:40  Drone  
  53  4:42  Spore Crawler  
  53  4:43  Drone x4  
  52  5:07  Overlord x2  
  52  5:16  Hydralisk Den  
  52  5:17  Evolution Chamber  
  52  5:18  Overlord  
  50  5:21  Drone  
  50  5:22  Drone x6  
  50  5:28  Drone  
  58  5:30  Drone x2  
  58  5:35  Overseer  
  60  5:38  Drone x2  
  60  5:39  Baneling Nest  
  60  5:41  Drone, Overlord  
  60  5:42  Drone x9  
  71  5:43  Drone  
  71  5:46  Extractor  
  71  5:48  Extractor  
  70  5:55  Muscular Augments  
  70  5:57  Extractor  
  70  5:58  Drone x3  
  70  6:03  Drone x2  
  70  6:04  Drone, Overlord x2  
  75  6:17  Overlord x2  
  75  6:20  Overlord  
  75  6:21  Extractor  
  74  6:25  Lurker Den  
  74  6:26  Hatchery  
  74  6:32  Hydralisk  
  68  6:33  Hydralisk x3  
  68  6:36  Hydralisk  
  68  6:38  Zergling x2  
  68  6:39  Zergling x4  
  79  6:42  Hydralisk  
  79  6:44  Zergling x2  
  79  6:45  Zergling x2  
  84  7:08  Spawning Pool  
Tags
 
Add a new tag
Caveats
  • Supply blocks, unpowered buildings, or Contaminate may cause inaccurate times.
  • Supply counts are checked every 10 seconds.